SAAA
VERMONT LAKE MONSTERS @ TORTOLITA DRUMMERS
09/05/2042
 
TOP OF THE 1ST
Vermont Lake Monsters batting - Pitching for Tortolita Drummers : LHP Zalontae Hillary
Pitching: LHP Zalontae Hillary
Batting: RHB Wally Hill 0-0: Called Strike
0-1: Ball
1-1: Foul Ball, location: 2F
1-2: Ground out 6-3 (Groundball, 6, EV 80.0 MPH)
Batting: SHB Enrique Martínez 0-0: Ball
1-0: Ball
2-0: Called Strike
2-1: Swinging Strike
2-2: Hit by Pitch
Batting: RHB Meshach Ashpenaz 0-0: Fly out, F7 (Flyball, 78S, EV 83.1 MPH)
Batting: RHB Dragoljub Kandic 0-0: Ball
Enrique Martínez steals 2nd base
1-0: Called Strike
1-1: Fly out, F8 (Flyball, 8RD, EV 95.6 MPH)
Top of the 1st over - 0 runs, 0 hits, 0 errors, 1 left on base; Vermont 0 - Tortolita 0
BOTTOM OF THE 1ST
Tortolita Drummers batting - Pitching for Vermont Lake Monsters : RHP Bob Hollingsworth
Pitching: RHP Bob Hollingsworth
Batting: RHB Alberto Ramírez 0-0: Ground out U3 (Groundball, 34, EV 98.8 MPH)
Batting: RHB Jesús Torres 0-0: Swinging Strike
0-1: Swinging Strike
0-2: SINGLE (Groundball, 4MD, EV 93.8 MPH)
Batting: LHB Carlos Leyva 0-0: Ball
1-0: Ball
2-0: Called Strike
2-1: Ball
3-1: Fly out, F7 (Flyball, 7S, EV 88.1 MPH)
Batting: LHB Rick Crockett 0-0: Called Strike
0-1: Ball
1-1: Foul Ball, location: 2F
1-2: Ball
Jesús Torres steals 2nd base
2-2: Ball
3-2: 2-RUN HOME RUN (Flyball, 89XD, EV 103.8 MPH), Distance : 419 ft
Batting: RHB Omer Yurtseven 0-0: Swinging Strike
0-1: Ball
1-1: Ball
2-1: Ball
3-1: Base on Balls
Batting: RHB Ken Moore 0-0: Ball
1-0: Called Strike
1-1: Ball
2-1: SINGLE (Groundball, 34D, EV 96.2 MPH)
Omer Yurtseven to second
Runner from 2nd tries for 3rd, SAFE, throw by RF made to third
Batting: SHB Fernando Rincón 0-0: Called Strike
0-1: Ground out 5-3 (Groundball, 5S, EV 80.6 MPH)
Bottom of the 1st over - 2 runs, 3 hits, 0 errors, 2 left on base; Vermont 0 - Tortolita 2
TOP OF THE 2ND
Vermont Lake Monsters batting - Pitching for Tortolita Drummers : LHP Zalontae Hillary
Batting: LHB Jiro Miyake 0-0: Called Strike
0-1: Fly out, F8 (Line Drive, 8LM, EV 104.4 MPH)
Batting: RHB Mark Kirk 0-0: Called Strike
0-1: Ball
1-1: Swinging Strike
1-2: Ball
2-2: Foul Ball, location: 2F
2-2: Ball
3-2: SINGLE (Groundball, 6S, EV 81.9 MPH) (infield hit)
Batting: RHB Sincere Wushon David 0-0: Ball
1-0: Called Strike
1-1: Ball
2-1: Foul Ball, location: 2F
2-2: Ball
Wild Pitch!
Mark Kirk to second
3-2: Foul Ball, location: 2F
3-2: Foul Ball, location: 2F
3-2: Foul Ball, location: 2F
3-2: DOUBLE (Line Drive, 78XD, EV 105.0 MPH)
Mark Kirk scores
Batting: RHB John Fuller 0-0: SINGLE (Groundball, 56D, EV 108.1 MPH)
Sincere Wushon David to third
Runner from 3rd tries for Home, SAFE, throw by LF to home
Batting: LHB Todd Strachota 0-0: Ball
John Fuller is caught stealing 2nd base 2-6
1-0: Fly out, F7 (Flyball, 7LSF, EV 98.1 MPH)
Top of the 2nd over - 2 runs, 3 hits, 0 errors, 0 left on base; Vermont 2 - Tortolita 2
BOTTOM OF THE 2ND
Tortolita Drummers batting - Pitching for Vermont Lake Monsters : RHP Bob Hollingsworth
Batting: RHB Tso-i Wang 0-0: Called Strike
0-1: Ball
1-1: Ball
2-1: Foul Ball, location: 2F
2-2: Ball
3-2: Foul Ball, location: 2F
3-2: Ground out 5-3 (Groundball, 5, EV 77.5 MPH)
Batting: RHB Graeme Dormer 0-0: Called Strike
0-1: Ball
1-1: SINGLE (Groundball, 6MD, EV 103.8 MPH)
Batting: RHB Alberto Ramírez 0-0: Called Strike
0-1: Ball
1-1: Ball
2-1: Ball
3-1: Foul Ball, location: 2F
3-2: Base on Balls
Graeme Dormer to second
Batting: RHB Jesús Torres 0-0: Foul Ball, location: 2F
0-1: Grounds into double play, 6-4-3 (Groundball, 6, EV 106.2 MPH)
Bottom of the 2nd over - 0 runs, 1 hit, 0 errors, 1 left on base; Vermont 2 - Tortolita 2
TOP OF THE 3RD
Vermont Lake Monsters batting - Pitching for Tortolita Drummers : LHP Zalontae Hillary
Batting: RHB Wally Hill 0-0: Ball
1-0: Called Strike
1-1: Fly out, F7 (Flyball, 7S, EV 92.5 MPH)
Batting: SHB Enrique Martínez 0-0: Ball
1-0: Ball
2-0: Called Strike
2-1: Called Strike
2-2: Ball
3-2: Foul Ball, location: 2F
3-2: Strikes out looking
Batting: RHB Meshach Ashpenaz 0-0: Ball
1-0: Ground out 1-3 (Groundball, 23, EV 90.0 MPH)
Top of the 3rd over - 0 runs, 0 hits, 0 errors, 0 left on base; Vermont 2 - Tortolita 2
BOTTOM OF THE 3RD
Tortolita Drummers batting - Pitching for Vermont Lake Monsters : RHP Bob Hollingsworth
Batting: LHB Carlos Leyva 0-0: Ball
1-0: Ball
2-0: SINGLE (Groundball, 3D, EV 97.5 MPH)
Batting: LHB Rick Crockett 0-0: Ball
1-0: Called Strike
1-1: Foul Ball, location: 2F
1-2: Ball
Carlos Leyva steals 2nd base (no throw)
2-2: SINGLE (Groundball, 6MD, EV 100.0 MPH)
Carlos Leyva to third
Batting: RHB Omer Yurtseven 0-0: Ball
1-0: Foul Ball, location: 2F
1-1: Ball
2-1: Ball
3-1: Foul Ball, location: 2F
3-2: Foul Ball, location: 2F
3-2: Fly out, F4 (Popup, 4M, EV 62.5 MPH)
Batting: RHB Ken Moore 0-0: Foul Ball, location: 2F
0-1: Fly out, F5 (Popup, 5SF, EV 79.4 MPH)
Batting: SHB Fernando Rincón 0-0: Foul Ball, location: 2F
0-1: Ball
1-1: Ball
2-1: Called Strike
2-2: Strikes out swinging
Bottom of the 3rd over - 0 runs, 2 hits, 0 errors, 2 left on base; Vermont 2 - Tortolita 2
TOP OF THE 4TH
Vermont Lake Monsters batting - Pitching for Tortolita Drummers : LHP Zalontae Hillary
Batting: RHB Dragoljub Kandic 0-0: Called Strike
0-1: Foul Ball, location: 2F
0-2: Ball
1-2: Ball
2-2: Ground out 6-3 (Groundball, 56, EV 76.2 MPH)
Batting: LHB Jiro Miyake 0-0: Swinging Strike
0-1: Ball
1-1: Ball
2-1: Fly out, F7 (Line Drive, 7, EV 100.6 MPH)
Batting: RHB Mark Kirk 0-0: Foul Ball, location: 2F
0-1: Ball
1-1: Ball
2-1: Ball
3-1: SINGLE (Groundball, 6D, EV 95.6 MPH)
Batting: RHB Sincere Wushon David 0-0: Called Strike
0-1: DOUBLE (Groundball, 5L, EV 111.2 MPH)
Mark Kirk to third
Runner from 3rd tries for Home, SAFE, throw by LF to trailing runner, SAFE at third!
Batting: RHB John Fuller 0-0: Ball
1-0: Swinging Strike
1-1: Fly out, F9 (Flyball, 89M, EV 81.2 MPH)
Top of the 4th over - 1 run, 2 hits, 0 errors, 1 left on base; Vermont 3 - Tortolita 2
BOTTOM OF THE 4TH
Tortolita Drummers batting - Pitching for Vermont Lake Monsters : RHP Bob Hollingsworth
Batting: RHB Tso-i Wang 0-0: Ball
1-0: Called Strike
1-1: Ball
2-1: Swinging Strike
2-2: Ball
3-2: Strikes out swinging
Batting: RHB Graeme Dormer 0-0: Ball
1-0: SINGLE (Groundball, 6MD, EV 111.9 MPH)
Batting: RHB Alberto Ramírez 0-0: Ball
1-0: Ball
Wild Pitch!
Graeme Dormer to second
2-0: Called Strike
2-1: Ball
3-1: Base on Balls
Batting: RHB Jesús Torres 0-0: SINGLE (Groundball, 56D, EV 108.1 MPH)
Graeme Dormer to third
Alberto Ramírez to second
Batting: LHB Carlos Leyva 0-0: SINGLE (Flyball, 78M, EV 84.4 MPH)
Graeme Dormer scores
Alberto Ramírez to third
Jesús Torres to second
Runner from 3rd tries for Home, SAFE, throw by LF to home
Batting: LHB Rick Crockett 0-0: Called Strike
0-1: Ball
1-1: Ball
2-1: Fly out, F9 (Flyball, 9, EV 93.1 MPH)
Batting: RHB Omer Yurtseven 0-0: Fielders Choice at 2nd, 5-4 (Groundball, 56, EV 89.4 MPH)
Bottom of the 4th over - 2 runs, 3 hits, 0 errors, 2 left on base; Vermont 3 - Tortolita 4
TOP OF THE 5TH
Vermont Lake Monsters batting - Pitching for Tortolita Drummers : LHP Zalontae Hillary
Batting: LHB Todd Strachota 0-0: Called Strike
0-1: Ball
1-1: Foul Ball, location: 2F
1-2: Ground out 6-3 (Groundball, 6M, EV 84.4 MPH)
Batting: RHB Wally Hill 0-0: Ball
1-0: Called Strike
1-1: Ball
2-1: SINGLE (Groundball, 6MD, EV 100.0 MPH)
Batting: SHB Enrique Martínez 0-0: Ball
1-0: Ball
2-0: Called Strike
Wally Hill steals 2nd base
2-1: Foul Ball, location: 2F
2-2: Ball
3-2: Foul Ball, location: 2F
3-2: Foul Ball, location: 2F
3-2: Base on Balls
Batting: RHB Meshach Ashpenaz 0-0: Called Strike
Wally Hill is caught stealing 3rd base 2-5
0-1: Called Strike
Enrique Martínez steals 2nd base
0-2: Foul Ball, location: 2F
0-2: Ball
1-2: Foul Ball, location: 2F
1-2: Fly out, F3 (Popup, 3F, EV 75.6 MPH)
Top of the 5th over - 0 runs, 1 hit, 0 errors, 1 left on base; Vermont 3 - Tortolita 4
BOTTOM OF THE 5TH
Tortolita Drummers batting - Pitching for Vermont Lake Monsters : RHP Bob Hollingsworth
Pitching: LHP Alexis Zambaco
Batting: RHB Ken Moore 0-0: Called Strike
0-1: Called Strike
0-2: Foul Ball, location: 2F
0-2: Fly out, F9 (Flyball, 9LMF, EV 75.6 MPH)
Batting: SHB Fernando Rincón 0-0: Ball
1-0: Ball
2-0: Foul Ball, location: 2F
2-1: Ground out 5-3 (Groundball, 56S, EV 83.8 MPH)
Batting: RHB Tso-i Wang 0-0: Called Strike
0-1: Ball
1-1: Fly out, F7 (Flyball, 7LMF, EV 90.0 MPH)
Bottom of the 5th over - 0 runs, 0 hits, 0 errors, 0 left on base; Vermont 3 - Tortolita 4
TOP OF THE 6TH
Vermont Lake Monsters batting - Pitching for Tortolita Drummers : LHP Zalontae Hillary
Batting: RHB Dragoljub Kandic 0-0: Called Strike
0-1: Foul Ball, location: 2F
0-2: SINGLE (Flyball, 9LS, EV 95.0 MPH)
Batting: LHB Jiro Miyake 0-0: Called Strike
0-1: Ball
1-1: SINGLE (Line Drive, 7S, EV 96.2 MPH)
Dragoljub Kandic to second
Batting: RHB Mark Kirk 0-0: Bunted foul
0-1: Bunted foul
0-2: Fly out, F8 (Flyball, 8LD, EV 93.1 MPH)
Pitching: LHP Jerry Hamm
Batting: RHB Sincere Wushon David 0-0: Ball
1-0: Reached on error, E6 (Groundball, 6, EV 108.8 MPH)
Dragoljub Kandic to third
Jiro Miyake to second
Batting: RHB John Fuller 0-0: Called Strike
0-1: Ball
1-1: Ball
2-1: Foul Ball, location: 2F
2-2: Foul Ball, location: 2F
2-2: Strikes out swinging
Batting: LHB Todd Strachota 0-0: Foul Ball, location: 2F
0-1: Foul Ball, location: 2F
0-2: Ground out 1-3 (Groundball, P, EV 93.1 MPH)
Top of the 6th over - 0 runs, 2 hits, 1 error, 3 left on base; Vermont 3 - Tortolita 4
BOTTOM OF THE 6TH
Tortolita Drummers batting - Pitching for Vermont Lake Monsters : LHP Alexis Zambaco
Batting: RHB Graeme Dormer 0-0: Called Strike
0-1: Ball
1-1: Foul Ball, location: 2F
1-2: Ball
2-2: Ball
3-2: Base on Balls
Batting: RHB Alberto Ramírez 0-0: Ball
1-0: Bunted foul
1-1: Bunted foul
1-2: Ball
2-2: Foul Ball, location: 2F
2-2: Ball
3-2: Foul Ball, location: 2F
3-2: SINGLE (Line Drive, 89S, EV 92.5 MPH)
Graeme Dormer to second
Batting: RHB Jesús Torres 0-0: Sac Bunt to 13 - play at first, batter OUT! 1-4
Graeme Dormer to third
Alberto Ramírez to second
Batting: LHB Carlos Leyva 0-0: Ball
1-0: Swinging Strike
1-1: SINGLE (Groundball, 4, EV 101.9 MPH) (infield hit)
Graeme Dormer scores
Alberto Ramírez to third
Batting: LHB Rick Crockett 0-0: Ball
1-0: Called Strike
1-1: Ball
2-1: Foul Ball, location: 2F
2-2: Ball
3-2: Strikes out looking
Batting: RHB Omer Yurtseven 0-0: Called Strike
0-1: Ball
1-1: Ball
2-1: Called Strike
2-2: Foul Ball, location: 2F
2-2: 3-RUN HOME RUN (Flyball, 7D, EV 96.9 MPH), Distance : 347 ft
Pitching: RHP Larry Strozier
Batting: RHB Ken Moore 0-0: Ball
1-0: Ground out 5-3 (Groundball, 56S, EV 86.9 MPH)
Bottom of the 6th over - 4 runs, 3 hits, 0 errors, 0 left on base; Vermont 3 - Tortolita 8
TOP OF THE 7TH
Vermont Lake Monsters batting - Pitching for Tortolita Drummers : LHP Jerry Hamm
Batting: RHB Wally Hill 0-0: Ball
1-0: Called Strike
1-1: Ball
2-1: Swinging Strike
2-2: Foul Ball, location: 2F
2-2: Ball
3-2: Base on Balls
Pitching: RHP Freddy Calcines
Batting: SHB Enrique Martínez 0-0: Ball
1-0: Called Strike
1-1: Ball
2-1: Fly out, F9 (Flyball, 9D, EV 105.0 MPH)
Batting: RHB Meshach Ashpenaz 0-0: Called Strike
0-1: Ball
1-1: Called Strike
1-2: Ball
2-2: Ball
Wally Hill steals 2nd base (no throw)
3-2: Strikes out swinging, 2-3 out at first.
Batting: RHB Dragoljub Kandic 0-0: Ball
1-0: Ground out 4-3 (Groundball, 4, EV 82.5 MPH)
Top of the 7th over - 0 runs, 0 hits, 0 errors, 1 left on base; Vermont 3 - Tortolita 8
BOTTOM OF THE 7TH
Tortolita Drummers batting - Pitching for Vermont Lake Monsters : RHP Larry Strozier
Batting: SHB Fernando Rincón 0-0: Called Strike
0-1: Ball
1-1: Swinging Strike
1-2: Strikes out looking
Batting: RHB Tso-i Wang 0-0: Called Strike
0-1: Ball
1-1: Ground out 5-3 (Groundball, 56S, EV 82.5 MPH)
Batting: RHB Graeme Dormer 0-0: Fly out, F3 (Popup, 34, EV 63.8 MPH)
Bottom of the 7th over - 0 runs, 0 hits, 0 errors, 0 left on base; Vermont 3 - Tortolita 8
TOP OF THE 8TH
Vermont Lake Monsters batting - Pitching for Tortolita Drummers : RHP Freddy Calcines
Batting: LHB Jiro Miyake 0-0: Foul Ball, location: 2F
0-1: Ball
1-1: Foul Ball, location: 2F
1-2: Ball
2-2: Ball
3-2: SINGLE (Line Drive, 6D, EV 96.9 MPH)
Batting: RHB Mark Kirk 0-0: Ball
1-0: Called Strike
1-1: Ball
2-1: Ball
3-1: Base on Balls
Jiro Miyake to second
Batting: RHB Sincere Wushon David 0-0: Called Strike
0-1: Foul Ball, location: 2F
0-2: Ball
1-2: Ball
2-2: Strikes out swinging
Batting: RHB John Fuller 0-0: Ball
1-0: Swinging Strike
1-1: Ball
2-1: Ball
3-1: Base on Balls
Jiro Miyake to third
Mark Kirk to second
Pitching: RHP Carlos Taváres
Batting: LHB Todd Strachota 0-0: Swinging Strike
0-1: Grounds into double play, 2-2-3 (Groundball, 15S, EV 71.2 MPH)
Top of the 8th over - 0 runs, 1 hit, 0 errors, 2 left on base; Vermont 3 - Tortolita 8
BOTTOM OF THE 8TH
Tortolita Drummers batting - Pitching for Vermont Lake Monsters : RHP Larry Strozier
Batting: RHB Alberto Ramírez 0-0: Ball
1-0: Foul Ball, location: 2F
1-1: Swinging Strike
1-2: Foul Ball, location: 2F
1-2: Ball
2-2: Strikes out swinging
Batting: RHB Jesús Torres 0-0: Foul Ball, location: 2F
0-1: Called Strike
0-2: SINGLE (Groundball, 56D, EV 96.9 MPH)
Batting: LHB Carlos Leyva 0-0: Grounds into double play, 4-6-3 (Groundball, 4, EV 103.1 MPH)
Bottom of the 8th over - 0 runs, 1 hit, 0 errors, 0 left on base; Vermont 3 - Tortolita 8
TOP OF THE 9TH
Vermont Lake Monsters batting - Pitching for Tortolita Drummers : RHP Carlos Taváres
Batting: RHB Wally Hill 0-0: Ball
1-0: Ball
2-0: Foul Ball, location: 2F
2-1: Foul Ball, location: 2F
2-2: Ground out 1-3 (Groundball, 13S, EV 71.9 MPH)
Batting: SHB Enrique Martínez 0-0: Swinging Strike
0-1: Ball
1-1: Called Strike
1-2: Strikes out swinging
Batting: RHB Meshach Ashpenaz 0-0: Called Strike
0-1: Ball
1-1: Ball
2-1: Foul Ball, location: 2F
2-2: Strikes out swinging, 2-3 out at first.
Top of the 9th over - 0 runs, 0 hits, 0 errors, 0 left on base; Vermont 3 - Tortolita 8
Friday, March 26th, 2021 - OOTP Baseball 20.8 Build 74